 Dungeon Crawl Stone Soup version 0.31.0-32-g396128a36d (webtiles) character file.

Game seed: 13886058428266034288

37649 TacoSundae the Grappler (level 13, -4/81 HPs)
             Began as a Vine Stalker Shapeshifter on Apr 4, 2024.
             Was a High Priest of Makhleb.
             Slain by an eight-headed hydra (11 damage)
             ... on level 3 of the Lair of Beasts.
             The game lasted 01:01:05 (14447 turns).

TacoSundae the Grappler (VSSh)                     Turns: 14447, Time: 01:01:05

Health: -4/81      AC: 10    Str: 24    XL:     13   Next: 98%
Magic:  0/20       EV: 15    Int: 10    God:    Makhleb [*****.]
Gold:   938        SH:  0    Dex: 23    Spells: 12/12 levels left

rFire   . .          .
                       - Unarmed
rCold   . . .        (shield currently unavailable)
rNeg    . . .        h - melded +3 leather armour
rPois   +            (helmet currently unavailable)
rElec   .            A - melded +2 cloak
rCorr   .            b - melded +0 pair of gloves
SInv    +            q - melded +0 pair of boots
Will    +....        (no amulet)
Stlth   ++           j - ring of see invisible
HPRegen 1.13/turn    E - +6 ring of dexterity
MPRegen 0.17/turn

%: guardian spirit
@: snake-form
A: constrict, boosted hp, large, (fangs 3), regeneration 1, magic shield,
(antimagic bite), no potion heal 2
a: Begin Untransformation, Renounce Religion, Minor Destruction, Lesser Servant
of Makhleb, Major Destruction, Greater Servant of Makhleb


You were on level 3 of the Lair of Beasts.
You worshipped Makhleb.
Makhleb was extremely pleased with you.
You were an enormous serpent.
You visited 3 branches of the dungeon, and saw 16 of its levels.

You collected 1537 gold pieces.
You spent 599 gold pieces at shops.

Inventory:

Missiles
 i - a curare-tipped dart
 n - 4 throwing nets (quivered)
 y - 20 poisoned darts
Armour
 b - a +0 pair of gloves (melded)
 d - a +2 buckler
 h - a +3 leather armour (melded)
 q - a +0 pair of boots (melded)
 A - a +2 cloak (melded)
 M - a +1 pair of boots
 O - the -2 hat of the Alchemist {rElec rPois rF+ rC+ rN+ Will+ rMut rCorr}
   (You found it on level 3 of the Lair of Beasts)

   rF+:       It protects you from fire.
   rC+:       It protects you from cold.
   rElec:     It insulates you from electricity.
   rPois:     It protects you from poison rN+: It protects you from negative
   energy.
   Will+:     It increases your willpower.
   rCorr:     It protects you from acid and corrosion.
   rMut:      It protects you from mutation.
Jewellery
 j - a ring of see invisible (left hand)
 l - an amulet of faith
 B - a ring of resist corrosion
 E - a +6 ring of dexterity (right hand)
 G - a +6 ring of dexterity
Talismans
 c - a beast talisman
 F - a serpent talisman (active)
 I - the flux talisman of Cotuclauni {rPois}
   (You found it on level 11 of the Dungeon)

   [flux talisman]

   rPois:     It protects you from poison
Wands
 e - a wand of mindburst (3)
 m - a wand of polymorph (25)
 s - a wand of flame (19)
 x - a wand of iceblast (9)
 L - a wand of quicksilver (3)
Scrolls
 a - 2 scrolls of blinking
 k - 2 scrolls of teleportation
 t - 2 scrolls of silence
 w - a scroll of fear
 C - 3 scrolls of identify
 H - a scroll of vulnerability
 N - a scroll of immolation
Potions
 f - a potion of might
 g - 2 potions of attraction
 o - 5 potions of curing
 p - a potion of brilliance
 r - 3 potions of haste
 u - a potion of resistance
 v - a potion of magic
 z - a potion of mutation
 D - 2 potions of ambrosia
 J - a potion of cancellation
 K - 4 potions of lignification


   Skills:
 + Level 7.9 Fighting
 + Level 7.0 Dodging
 + Level 14.2 Unarmed Combat
 + Level 8.4 Invocations
 + Level 12.9 Shapeshifting


You had 12 spell levels left.
You didn't know any spells.
Your spell library contained the following spells:

 Spells                   Type           Power      Damage    Failure   Level
 Cigotuvi's Dreadful Rot  Necr/Alch/Air  0%         N/A       50%         2
 Dazzling Flash           Conj/Hex       0%         N/A       75%         3
 Hailstorm                Conj/Ice       0%         3d5       75%         3
 Volatile Blastmotes      Fire/Tloc      0%         2d10      75%         3
 Freezing Cloud           Conj/Ice/Air   0%         6-21      100%        5
 Iskenderun's Battlesphe  Conj           0%         2d6       100%        5
 Bombard                  Conj/Erth      0%         9d1       100%        6
 Starburst                Conj/Fire      0%         6d3       100%        6
 Spellforged Servitor     Conj/Summ      0%         N/A       100%        7
 Maxwell's Capacitive Co  Air            0%         ∞         100%        8
 Polar Vortex             Ice            0%         N/A       100%        9


Dungeon Overview and Level Annotations

Branches:
Dungeon (12/15)            Temple (1/1) D:4            Lair (3/5) D:10
 Shoals (0/4) Lair:3        Snake (0/4) Lair:2
    Orc: D:9-12

Altars:
Ashenzari
Cheibriados
Dithmenos
Elyvilon
Fedhas
Gozag
Hepliaklqana
Kikubaaqudgha
Makhleb
Nemelex Xobeh
Okawaru
Qazlal
Ru
Sif Muna
Trog
Uskayaw
Vehumet
Wu Jian
Xom
Yredelemnul
Zin
The Shining One

Shops:
D:11 ***

Annotations:
D:4 2 transporters, community's ghost, amateur MfSu
D:6 3 runed translucent doors, Curundu's ghost, novice MiBe
Lair:2 1 runed translucent door


Innate Abilities, Weirdness & Mutations

You are an enormous serpent.
You have a powerful constriction melee attack.
Your maximum health is increased.
Your armour is entirely melded.
You are incapable of wielding weapons or throwing items.
((You have razor-sharp teeth.))
Your natural rate of healing is unusually fast.
When hurt, damage is shared between your health and your magic reserves.
((Your bite disrupts and absorbs the magic of your enemies.))
Potions cannot restore your health.


Message History

The eight-headed hydra bites you. The eight-headed hydra bites you!
The eight-headed hydra bites you but does no damage.
The eight-headed hydra misses you.
The eight-headed hydra bites you but does no damage. x2
The eight-headed hydra closely misses you.
You barely miss the eight-headed hydra. You constrict the yak.
The blink frog hits you but does no damage.
The yak misses you.
The eight-headed hydra bites you but does no damage.
The eight-headed hydra bites you.
The eight-headed hydra barely misses you.
The eight-headed hydra misses you.
The eight-headed hydra closely misses you.
The eight-headed hydra bites you but does no damage.
The eight-headed hydra completely misses you.
The eight-headed hydra bites you.
You body-slam the eight-headed hydra!!
The eight-headed hydra is moderately wounded.
You constrict the yak. The blink frog hits you.
Unknown command.
You body-slam the eight-headed hydra!!
The eight-headed hydra is severely wounded.
You constrict the yak. The yak gores you. The eight-headed hydra bites you.
The eight-headed hydra barely misses you.
The eight-headed hydra bites you! x2; The eight-headed hydra bites you.
The eight-headed hydra barely misses you. x2
The eight-headed hydra bites you but does no damage.
The blink frog blinks!
You hit the eight-headed hydra.
The eight-headed hydra is severely wounded.
You constrict the yak. The blink frog barely misses you. The yak gores you!
* * * LOW HITPOINT WARNING * * *
The eight-headed hydra bites you but does no damage.
The eight-headed hydra bites you.
* * * LOW HITPOINT WARNING * * *
The eight-headed hydra bites you!
* * * LOW HITPOINT WARNING * * *
The eight-headed hydra barely misses you.
The eight-headed hydra bites you!
You die...

.#..........######.####.###..#
#
.....................†........
..
.................†...####.#..P
## #########...##.##.#..# #
#..########[.# #..# ##...†.#
#...###......##
#......F......##
P......YS.....P#
........D†§.....#
.......F.......#
...............#
................#
.........b.......
.....b..........#
........b..$....
...............


You could see an eight-headed hydra, a yak and 2 blink frogs.

Vanquished Creatures
  Fannar (Lair:2)
  A death knight (D:11)
  Erica (D:11)
  3 death yaks (Lair:1)
  2 boulder beetles (D:11)
  5 two-headed ogres
  A tengu warrior (D:11)
  Pikel (D:9)
  2 deep elf pyromancers
  Maurice (D:9)
  A cyclops (D:11)
  An ugly thing (D:12)
  3 black mambas
  4 cane toads
  5 komodo dragons
  2 unseen horrors
  3 rime drakes (Lair:2)
  A snapping turtle (Lair:3)
  12 blink frogs
  A slime creature (D:11)
  3 shadows
  44 yaks
  A water elemental (Lair:3)
  2 vampires
  3 wraiths
  A wyvern (D:11)
  A basilisk (Lair:2)
  Grum (D:9)
  Menkaure (D:7)
  3 vampire mosquitoes (D:11)
  5 water moccasins
  3 ice beasts
  8 orc warriors
  A sky beast (D:7)
  5 black bears
  17 wolves
  6 ogres
  15 centaurs
  4 lemures (D:6)
  2 phantoms
  3 kobold brigands
  6 bullfrogs
  2 gnoll sergeants
  A scorpion (D:5)
  11 wights
  11 killer bees
  3 howler monkeys
  2 bombardier beetles
  3 jellies
  6 orc priests
  6 hounds
  Crazy Yiuf (D:3)
  3 gnoll boudas (D:10)
  3 iguanas (D:6)
  Terence (D:2)
  12 orc wizards
  Natasha (thrice) (D:2)
  12 gnolls
  8 adders
  2 shadow imps
  A dart slug (D:5)
  3 ribbon worms
  28 orcs
  5 endoplasms
  3 giant cockroaches (D:1)
  A goblin (D:2)
  4 hobgoblins
  8 jackals
  6 quokkas
  4 ball pythons
  7 bats
  6 frilled lizards
  6 kobolds
  8 rats
366 creatures vanquished.

Vanquished Creatures (collateral kills)
  Harold (Lair:2)
  A rime drake (Lair:2)
  A polar bear (Lair:2)
  A water moccasin (Lair:2)
  4 wolves (Lair:2)
  An ogre (D:10)
  5 gnolls (D:10)
14 creatures vanquished.

Grand Total: 380 creatures vanquished

Notes
Turn   | Place    | Note
-------+----------+-------------------------------------------
     0 | D:1      | TacoSundae the Vine Stalker Shapeshifter began the quest
                  | for the Orb.
     0 | D:1      | Reached XP level 1. HP: 9/9 MP: 2/2
   188 | D:1      | Reached XP level 2. HP: 14/14 MP: 3/3
   275 | D:1      | Reached XP level 3. HP: 15/17 MP: 1/4
   442 | D:1      | You fall into a shaft and drop 1 floor!
   490 | D:2      | Noticed Natasha
   500 | D:2      | Killed Natasha
   553 | D:2      | Reached skill level 4 in Unarmed Combat
   553 | D:2      | Reached XP level 4. HP: 21/21 MP: 5/5
   668 | D:2      | Noticed Natasha
   678 | D:2      | Killed Natasha
   696 | D:2      | Noticed Natasha
   709 | D:2      | Killed Natasha
   761 | D:2      | Reached XP level 5. HP: 25/25 MP: 6/6
  1309 | D:2      | Noticed Terence
  1322 | D:2      | Killed Terence
  1488 | D:3      | Noticed a black bear
  1497 | D:3      | Killed a black bear
  1498 | D:3      | Reached skill level 5 in Unarmed Combat
  1498 | D:3      | Reached XP level 6. HP: 29/29 MP: 5/7
  1664 | D:3      | Found a runed translucent door.
  1665 | D:3      | Noticed Crazy Yiuf
  1953 | D:3      | Found an ornate altar of the Wu Jian Council.
  1988 | D:3      | Found a basalt altar of Yredelemnul.
  2292 | D:3      | Reached skill level 5 in Shapeshifting
  2538 | D:3      | Killed Crazy Yiuf
  2792 | D:4      | Found a staircase to the Ecumenical Temple.
  2799 | D:4      | Found a shimmering altar of Xom.
  2814 | Temple   | Entered the Ecumenical Temple
  2866 | Temple   | Became a worshipper of Makhleb the Destroyer
  2908 | D:4      | welp
  2918 | D:4      | Reached XP level 7. HP: 12/32 MP: 5/8
  2925 | D:4      | Reached skill level 6 in Unarmed Combat
  2981 | D:4      | Found a transporter.
  2981 | D:4      | Noticed community's ghost (amateur MfSu)
  3016 | D:4      | Found a transporter.
  3150 | D:4      | Found a shimmering altar of Xom.
  3150 | D:4      | Found a shimmering altar of Xom.
  3150 | D:4      | Found a shimmering altar of Xom.
  3151 | D:4      | Found a shimmering altar of Xom.
  3544 | D:5      | Entered Level 5 of the Dungeon
  3742 | D:5      | Found a broken altar of Ashenzari.
  3796 | D:5      | Gained mutation: You have razor-sharp teeth. [Vine Stalker
                  | growth]
  3796 | D:5      | Reached XP level 8. HP: 37/37 MP: 7/9
  3815 | D:5      | Reached skill level 7 in Unarmed Combat
  4173 | D:5      | Reached skill level 1 in Fighting
  4177 | D:5      | Reached skill level 1 in Invocations
  4420 | D:5      | Found a stormy altar of Qazlal.
  4539 | D:6      | Reached skill level 8 in Unarmed Combat
  4545 | D:6      | Found a radiant altar of Vehumet.
  4549 | D:6      | Noticed Pikel
  4551 | D:6      | Found a runed translucent gate.
  4579 | D:6      | Found a runed translucent gate.
  4580 | D:6      | Found a runed translucent gate.
  4736 | D:6      | Reached skill level 11 in Unarmed Combat
  4736 | D:6      | Reached skill level 10 in Shapeshifting
  4736 | D:6      | Reached XP level 9. HP: 42/42 MP: 11/11
  4752 | D:6      | Found a glowing silver altar of Zin.
  4752 | D:6      | Noticed an angel
  4775 | D:6      | Reached * piety under Makhleb
  5354 | D:6      | Noticed Curundu's ghost (novice MiBe)
  5706 | D:7      | Reached XP level 10. HP: 46/46 MP: 12/12
  6080 | D:7      | Noticed a deep elf pyromancer
  6089 | D:7      | Killed a deep elf pyromancer
  6090 | D:7      | Reached skill level 12 in Unarmed Combat
  6117 | D:7      | Noticed Menkaure
  6124 | D:7      | Killed Menkaure
  6143 | D:7      | Reached ** piety under Makhleb
  6526 | D:8      | Found a shadowy altar of Dithmenos.
  6526 | D:8      | Found a glowing golden altar of the Shining One.
  6526 | D:8      | Found an iron altar of Okawaru.
  6610 | D:8      | Noticed a meliai
  6610 | D:8      | Noticed a manticore
  6746 | D:8      | Noticed Grum
  6901 | D:8      | Found a snail-covered altar of Cheibriados.
  7411 | D:8      | Reached XP level 11. HP: 32/52 MP: 8/14
  7573 | D:9      | Killed Grum
  7678 | D:9      | Killed Pikel
  7918 | D:9      | Noticed Maurice
  8016 | D:9      | Noticed a two-headed ogre
  8025 | D:9      | Killed a two-headed ogre
  8191 | D:9      | Maurice stole a flux talisman
  8192 | D:9      | Maurice stole an amulet of faith
  8194 | D:9      | Maurice stole 2 throwing nets
  8196 | D:9      | Maurice stole 382 gold
  8199 | D:9      | Killed Maurice
  9085 | D:10     | Entered Level 10 of the Dungeon
  9227 | D:10     | Reached *** piety under Makhleb
  9285 | D:10     | Found a sacrificial altar of Ru.
  9322 | D:10     | Noticed a two-headed ogre
  9332 | D:10     | Killed a two-headed ogre
 10180 | D:10     | Found a staircase to the Lair.
 10359 | D:11     | Found Ibirhuwn's General Store.
 10381 | D:11     | Reached skill level 5 in Invocations
 10447 | D:11     | Reached skill level 5 in Fighting
 10608 | D:11     | Found Xofu's Assorted Antiques.
 10616 | D:11     | Bought a scroll labelled IFUSU DERUTS for 27 gold pieces
 10657 | D:11     | Reached **** piety under Makhleb
 10684 | D:11     | Reached XP level 12. HP: 60/60 MP: 16/16
 10913 | D:11     | Noticed Erica
 10928 | D:11     | Killed Erica
 10933 | D:11     | Noticed a boulder beetle
 10972 | D:11     | Killed a boulder beetle
 10973 | D:11     | Reached skill level 13 in Unarmed Combat
 11102 | D:11     | Noticed a two-headed ogre
 11109 | D:11     | Killed a two-headed ogre
 11161 | D:11     | Noticed a boulder beetle
 11170 | D:11     | Killed a boulder beetle
 11191 | D:11     | Noticed a death knight
 11201 | D:11     | Killed a death knight
 11202 | D:11     | Reached skill level 5 in Dodging
 11244 | D:11     | Noticed a tengu warrior
 11255 | D:11     | Killed a tengu warrior
 11376 | D:11     | Identified the flux talisman of Cotuclauni {rPois}
 11545 | D:11     | Found Daocoton's General Store.
 11553 | D:11     | Bought a scroll of acquirement for 572 gold pieces
 11553 | D:11     | Acquired 576 gold pieces
 11850 | D:12     | Noticed a two-headed ogre
 11860 | D:12     | Killed a two-headed ogre
 11863 | D:12     | Noticed a two-headed ogre
 11870 | D:12     | Killed a two-headed ogre
 11883 | D:11     | Reached ***** piety under Makhleb
 12053 | D:12     | HP: 2/74 [cyan ugly thing (11)]
 12229 | Lair:1   | Entered Level 1 of the Lair of Beasts
 12301 | Lair:1   | Reached XP level 13. HP: 66/66 MP: 19/19
 13240 | Lair:2   | Noticed Fannar
 13247 | Lair:2   | Killed Fannar
 13250 | Lair:2   | Noticed Harold
 13263 | Lair:2   | Killed Harold
 13422 | Lair:2   | Reached skill level 14 in Unarmed Combat
 13422 | Lair:2   | Found a staircase to the Snake Pit.
 13489 | Lair:2   | Got Dylleby's Thoughts on Astrapomancy and Freezing
 13575 | Lair:2   | Found a frozen archway.
 13585 | Lair:2   | Identified the +5 ring mail "Cobbau" {rF+}
 13930 | Lair:2   | Found a runed translucent door.
 14018 | Lair:3   | Found a staircase to the Shoals.
 14204 | Lair:3   | Found a shimmering blue altar of Sif Muna.
 14354 | Lair:3   | Found the -2 hat of the Alchemist {rElec rPois rF+ rC+ rN+
                  | Will+ rMut rCorr}
 14447 | Lair:3   | Slain by an eight-headed hydra

Illustrated notes

.........# #.......c#
#.......## #.......
#......# .~#......# #
.~⌠......##.#.# #♣_
#....h......# #~.≈
#.....$##...# ##§♣
##......# .... ..##.§
##.......##...#
....##⌠##........#....#
.....................#
..................##.#
..................# #
..................#


Turn 2908 on D:4: welp

Levels and vault maps discovered:
D:1:      nagdon_arrival_zigzag_paths, layout_basic
D:2:      layout_loops_ring, minmay_fractal_squares_gapless_5, uniq_natasha,
          uniq_terence
D:3:      layout_basic, mainiacjoe_overflow_concentric_impassable,
          lemuel_doored_altar, hangedman_decor_diamond_cutter,
          minmay_door_square, uniq_crazy_yiuf_cottage
D:4:      dreamdust_elfheim, layout_basic, xom_redecorated,
          minmay_temple_entry_mist, gammafunk_ghost_arena
D:5:      layout_loops_ring, mainiacjoe_overflow_alcove_1,
          nicolae_ashenzari_panopticon, nicolae_figureground_pulse
D:6:      layout_cave_pods, nicolae_vehumet_radiance, zin_angel,
          gammafunk_ghost_icy, uniq_pikel
D:7:      layout_rooms, guppyfry_early_elven_hall, uniq_menkaure
D:8:      layout_basic, lemuel_crystal_altar, gammafunk_temple_overflow_claw,
          minmay_liquid_box, lightli_corner_chamber, uniq_grum
D:9:      layout_grid_maze, uniq_maurice
D:10:     kennysheep_seaside_town, layout_loops_ring,
          nicolae_ru_great_annihilating_truth, lair_entry_dummy, serial_glass,
          glass_columns_a, glass_columns_a, grunt_ministairs_6, minivault_21,
          corexii_hall_statues_t, hangedman_decor_lopped
D:11:     minmay_distorted_concentric_squares, layout_basic, serial_shops, shop,
          nicolae_square_shop, nicolae_lakefront_shop, blue_anna_alchemist,
          dk_noncrumbling_3, uniq_erica
D:12:     layout_rooms, orc_0_dummy, minmay_misc_feat_square,
          kennysheep_kite_vault
Temple:   jpeg_temple_alley_garden
Lair:1:   layout_gridlike, serial_bayou_pond_a
Lair:2:   gammafunk_indiana_jones, layout_hall_layers, dummy_snake_entry,
          portal_ice_cave_rime, grunt_megastairs_1, uniq_fannar, uniq_harold
Lair:3:   layout_long_grid, minmay_shoals_entry_hut, lemuel_centaur_altar,
          lemuel_fruit_fields

Skill      XL: |  1  2  3  4  5  6  7  8  9 10 11 12 13 |
---------------+----------------------------------------+-----
Unarmed Combat | 4 5 6 11 12 13 14 | 14.2
Shapeshifting  | 4 5 6 10 11 12 | 12.9
Fighting       | 1 2 3 5 6 7 |  7.9
Invocations    | 1 3 5 7 8 |  8.4
Dodging        | 2 4 5 7 |  7.0

Action                     |  1- 3 |  4- 6 |  7- 9 | 10-12 | 13-15 || total
---------------------------+-------+-------+-------+-------+-------++-------
  Melee: Unarmed           |    52 |   116 |   140 |   596 |   292 ||  1196
         Bite              |     9 |    27 |    49 |   186 |       ||   271
         Punch             |     3 |     1 |     4 |       |       ||     8
         Constrict         |       |       |       |    31 |    75 ||   106
 Invoke: Lesser Servant of |       |       |       |     1 |     1 ||     2
         Minor Destruction |       |       |       |     4 |     2 ||     6
Ability: Begin Untransform |       |     1 |       |       |       ||     1
  Evoke: Wand              |       |       |     4 |    15 |       ||    19
    Use: Potion            |       |     2 |     1 |     3 |       ||     6
         Scroll            |       |     9 |     4 |    13 |     2 ||    28
   Stab: Paralysed         |       |       |       |     1 |       ||     1
         Distracted        |       |       |       |       |     1 ||     1
 Armour: Animal skin       |    21 |       |       |       |       ||    21
         Leather armour    |     6 |    44 |    65 |       |       ||   115
         Skin              |       |    19 |     7 |   229 |   171 ||   426
  Dodge: Dodged            |    36 |    47 |    52 |   340 |   159 ||   634
   Form: Beast             |       |     1 |       |       |       ||     1
         Flux              |       |       |     1 |       |       ||     1
         Serpent           |       |       |       |     1 |       ||     1
